 Dungeon Crawl Stone Soup version 0.29.1-2-gbd0b4ee654 (webtiles) character file.

Game seed: 17737833798331847502

14459 cdecastro the Unseen (level 11, -3/54 HPs)
             Began as a Vampire Enchanter on Oct 23, 2022.
             Was a High Priest of Uskayaw.
             Slain by a five-headed hydra (5 damage)
             ... on level 11 of the Dungeon on Oct 24, 2022.
             The game lasted 00:40:48 (14758 turns).

cdecastro the Unseen (Vampire Enchanter)           Turns: 14758, Time: 00:40:49

Health: -3/54      AC: 16    Str: 13    XL:     11   Next: 89%
Magic:  10/19      EV: 12    Int: 22    God:    Uskayaw [*****.]
Gold:   114        SH:  0    Dex: 15    Spells: 10/21 levels left

rFire   . . .      SeeInvis +   s - +3 dagger (venom)
rCold   + + .      Faith    .   (no shield)
rNeg    + + +      Spirit   .   G - +0 steam dragon scales
rPois   ∞          Reflect  .   d - +1 helmet
rElec   .          Harm     .   g - +0 cloak
rCorr   .          Rampage  .   C - +2 pair of gloves
Will    +....                   v - +0 pair of boots
Stlth   +++++++++.              (no amulet)
HPRegen 0.00/turn               I - +4 ring of protection
MPRegen 0.16/turn               P - +6 ring of strength

@: bloodless, inhibited regen, slowed, very slow
A: bloodless, fangs 3, see invisible, vampiric 2
a: Bat Form, Revivify, Renounce Religion, Stomp, Line Pass, Grand Finale


You were on level 11 of the Dungeon.
You worshipped Uskayaw.
Uskayaw was noncommittal.
You visited 2 branches of the dungeon, and saw 12 of its levels.
You also visited: Bailey.

You collected 548 gold pieces.
You spent 434 gold pieces at shops.

Inventory:

Hand Weapons
 s - a +3 dagger of venom (weapon)
 u - a +2 vampiric dagger
 y - a +2 dagger of flaming
 Q - a +3 scimitar
Missiles
 j - 124 stones
 x - 17 poisoned darts (quivered)
 B - 4 boomerangs
 D - 3 atropa-tipped darts
 E - 2 throwing nets
 M - 5 javelins
 S - a curare-tipped dart
Armour
 d - a +1 helmet (worn)
 g - a +0 cloak (worn)
 v - a +0 pair of boots (worn)
 C - a +2 pair of gloves (worn)
 G - +0 steam dragon scales (worn)
 J - a +2 ring mail of positive energy
Magical Staves
 p - a staff of conjuration
Jewellery
 q - a ring of ice
 I - a +4 ring of protection (left hand)
 P - a +6 ring of strength (right hand)
 Y - an amulet of guardian spirit
Wands
 b - a wand of digging (9)
 h - a wand of quicksilver (3)
 w - a wand of iceblast (33)
 N - a wand of flame (14)
 T - a wand of paralysis (1)
 V - a wand of polymorph (7)
Scrolls
 a - a scroll of immolation
 c - 2 scrolls of silence {unknown}
 n - 3 scrolls of amnesia
 F - 3 scrolls of blinking {unknown}
 H - 3 scrolls of enchant armour
 K - 2 scrolls of summoning
 L - a scroll of vulnerability {unknown}
 R - a scroll of brand weapon {unknown}
 U - a scroll of enchant weapon {unknown}
 W - 3 scrolls of poison {unknown}
 Z - a scroll of fog {unknown}
Potions
 e - 2 potions of might
 f - 3 potions of magic
 i - a potion of resistance
 k - 2 potions of berserk rage
 l - a potion of haste
 m - 7 potions of curing
 o - 3 potions of cancellation
 r - 8 potions of mutation
 t - a potion of invisibility
 z - 4 potions of brilliance
 A - 7 potions of heal wounds
 O - 3 potions of attraction
 X - 2 potions of ambrosia


   Skills:
 - Level 1.1(6.3) Short Blades
 * Level 9.1 Long Blades
 - Level 2.1 Dodging
 + Level 19.7 Stealth
 - Level 5.8 Spellcasting
 - Level 14.1 Hexes


You had 10 spell levels left.
You knew the following spells:

 Your Spells              Type           Power      Damage    Failure   Level
a - Ensorcelled Hibernat  Hex/Ice        74%        N/A       1%          2
b - Confusing Touch       Hex            62%        N/A       1%          3
c - Tukima's Dance        Hex            62%        N/A       1%          3
d - Dazzling Flash        Conj/Hex       74%        N/A       1%          3

Your spell library contained the following spells:

 Spells                   Type           Power      Damage    Failure   Level
 Fulminant Prism          Conj/Hex       18%        3d11      4%          4
 Gell's Gravitas          Tloc           6%         N/A       28%         3
 Teleport Other           Tloc           6%         N/A       28%         3
 Iskenderun's Mystic Bla  Conj/Tloc      6%         2d4       67%         4
 Lee's Rapid Deconstruct  Erth           3%         3d6*      95%         5
 Dispersal                Tloc           3%         N/A       100%        6
 Malign Gateway           Summ/Tloc      3%         N/A       100%        7
 Summon Horrible Things   Summ           3%         N/A       100%        8


Dungeon Overview and Level Annotations

Branches:
Dungeon (11/15)            Temple (1/1) D:7             Orc (0/2) D:9
 Bailey (visited)
   Lair: D:8-11

Altars:
Ashenzari
Cheibriados
Dithmenos
Fedhas
Gozag
Hepliaklqana
Kikubaaqudgha
Makhleb
Nemelex Xobeh
Okawaru
Qazlal
Ru
Sif Muna
Trog
Uskayaw
Vehumet
Wu Jian
Xom
Yredelemnul

Shops:
D:5 !   D:7 :

Portals:
Trove: D:11 (show slimy rune of Zot)

Annotations:
D:8 2 transporters, RatsInWalls's ghost, novice HuMo


Innate Abilities, Weirdness & Mutations

You do not regenerate when monsters are visible.
You are frail without blood (-20% HP).
You can heal yourself when you bite living creatures.
You are immune to poison.
You have razor-sharp teeth.
You have supernaturally acute eyesight. (SInv)
You are afflicted with vampirism and can become a bat while bloodless.


Message History

Aim: a five-headed hydra (heavily wounded, chance to affect: 29%)
The five-headed hydra easily resists.
The five-headed hydra closely misses you.
The five-headed hydra bites you but does no damage. x2
The five-headed hydra closely misses you.
The five-headed hydra misses you. The five-headed hydra bites you.
The five-headed hydra misses you. x2
The five-headed hydra barely misses you.
The five-headed hydra closely misses you.
Casting: Ensorcelled Hibernation (safe; 1% risk of failure)
Confirm with . or Enter, or press ? or * to list all spells.
Aiming: Ensorcelled Hibernation (safe; 1% risk of failure)
Press: ? - help, Shift-Dir - straight line, f/p - five-headed hydra
Aim: a five-headed hydra (heavily wounded, chance to affect: 29%)
The five-headed hydra easily resists.
The five-headed hydra bites you.
The five-headed hydra bites you but does no damage.
The five-headed hydra bites you!
* * * LOW HITPOINT WARNING * * *
The five-headed hydra bites you but does no damage. x2
Uskayaw links your audience in an emotional bond!
Unknown command.
Casting: Ensorcelled Hibernation (safe; 1% risk of failure)
Confirm with . or Enter, or press ? or * to list all spells.
Aiming: Ensorcelled Hibernation (safe; 1% risk of failure)
Press: ? - help, Shift-Dir - straight line, f/p - five-headed hydra
Aim: a five-headed hydra (heavily wounded, sharing its pain, chance to affect: 29%)
The five-headed hydra easily resists.
The five-headed hydra bites you.
* * * LOW HITPOINT WARNING * * *
The five-headed hydra bites you but does no damage. x2
The five-headed hydra barely misses you.
The five-headed hydra bites you.
* * * LOW HITPOINT WARNING * * *
The five-headed hydra bites you!
* * * LOW HITPOINT WARNING * * *
The five-headed hydra bites you!
* * * LOW HITPOINT WARNING * * *
The five-headed hydra bites you but does no damage.
The five-headed hydra barely misses you.
The five-headed hydra bites you.
You die...

#......# #......#........
#......# #......')..##...
#......# #......#.).#####
#......# #......#)).#....
#......# #......#...#....
#.....######..∩...#...#....
#.....#....#......#...#....
#)....#....#......#...#....
#.....#...@#......#########
#.....####D#...............
#........ysD..Y............
#..........................
#..........................
#..........................
#......................>...
#..........................
#.................#####....


You could see a five-headed hydra (pain bonded), an acid dragon, a scorpion
(pain bonded) and a killer bee (pain bonded).

Vanquished Creatures
  A boulder beetle (D:11)
  A two-headed ogre (D:11)
  A deep elf pyromancer (D:11)
  An orc knight (Bailey)
  Pikel (D:7)
  A cyclops (D:11)
  A gargoyle (D:10)
  Psyche (D:9)
  2 wraiths
  A wyvern (D:7)
  A shadow (D:10)
  4 steam dragons
  19 yaks
  Menkaure (D:7)
  2 vampire mosquitoes (D:11)
  2 water moccasins
  3 sky beasts
  3 ice beasts
  2 black bears
  8 orc warriors
  5 centaurs
  4 ogres
  4 phantoms
  3 kobold brigands
  2 elf zombies (D:8)
  3 scorpions
  3 bullfrogs
  16 wights
  27 killer bees
  A human zombie (D:8)
  3 jellies
  8 orc priests
  A gnoll bouda (D:6)
  2 hounds (D:6)
  2 iguanas
  16 orc wizards
  8 adders
  18 gnolls
  4 shadow imps
  2 dart slugs
  55 orcs
  4 bats
  2 endoplasms
  4 giant cockroaches
  6 goblins
  4 hobgoblins
  16 kobolds
  3 quokkas
  6 ball pythons
  2 frilled lizards
  3 orc skeletons (D:8)
  7 rats
300 creatures vanquished.

Vanquished Creatures (collateral kills)
  2 vampire mosquitoes (D:11)
2 creatures vanquished.

Vanquished Creatures (others)
  An orc wizard (D:5)
  A gnoll (D:7)
  6 fungi (D:11)
  6 plants (D:11)
14 creatures vanquished.

Grand Total: 316 creatures vanquished

Notes
Turn   | Place    | Note
-------+----------+-------------------------------------------
     0 | D:1      | cdecastro the Vampire Enchanter began the quest for the
                  | Orb.
     0 | D:1      | Reached XP level 1. HP: 13/13 MP: 3/3
   652 | D:1      | Reached XP level 2. HP: 15/15 MP: 5/5
   714 | D:1      | Reached skill level 5 in Stealth
  1118 | D:2      | Reached skill level 5 in Hexes
  1412 | D:2      | Gained mutation: You are afflicted with vampirism and can
                  | become a bat while bloodless. [Vampire growth]
  1412 | D:2      | Reached XP level 3. HP: 19/19 MP: 6/6
  1424 | D:2      | Learned a level 2 spell: Ensorcelled Hibernation
  1428 | D:2      | Learned a level 3 spell: Confusing Touch
  2634 | D:3      | Reached skill level 6 in Stealth
  2652 | D:3      | Found a faded altar of an unknown god.
  3135 | D:3      | Reached XP level 4. HP: 24/24 MP: 7/7
  3544 | D:4      | You fall into a shaft and drop 1 floor!
  3544 | D:5      | Entered Level 5 of the Dungeon
  3571 | D:4      | Noticed an ogre
  3721 | D:4      | Noticed a phantom
  3741 | D:4      | Killed a phantom
  3742 | D:4      | Reached skill level 7 in Stealth
  3742 | D:4      | Reached XP level 5. HP: 11/28 MP: 5/8
  3936 | D:4      | Killed an ogre
  3937 | D:4      | Reached skill level 8 in Stealth
  3937 | D:4      | Reached XP level 6. HP: 32/32 MP: 2/9
  4885 | D:5      | Found Qoukhlu's Distillery.
  4905 | D:5      | Reached skill level 9 in Stealth
  4905 | D:5      | Reached XP level 7. HP: 36/36 MP: 7/10
  4926 | D:5      | Identified the +2 leather armour "Feilohig" {Harm +Inv rN+
                  | Str-5}
  4939 | D:5      | Bought a potion of degeneration for 14 gold pieces
  4939 | D:5      | Bought a potion of curing for 42 gold pieces
  4939 | D:5      | Bought a potion of heal wounds for 70 gold pieces
  5087 | D:5      | Reached skill level 10 in Stealth
  5734 | D:5      | Reached skill level 10 in Hexes
  5802 | D:5      | Learned a level 3 spell: Tukima's Dance
  5819 | D:5      | Bought a potion of brilliance for 56 gold pieces
  5894 | D:6      | Reached skill level 11 in Stealth
  5894 | D:6      | Reached XP level 8. HP: 29/41 MP: 11/11
  5985 | D:6      | Learned a level 3 spell: Dazzling Flash
  6140 | D:6      | Reached skill level 12 in Stealth
  6859 | D:6      | Reached skill level 13 in Stealth
  6989 | D:7      | Reached XP level 9. HP: 45/45 MP: 12/12
  7258 | D:7      | Reached skill level 14 in Stealth
  7696 | D:7      | Noticed Menkaure
  7702 | D:7      | Killed Menkaure
  7753 | D:7      | Found Junuifa's Book Shop.
  7801 | D:7      | Reached skill level 15 in Stealth
  7802 | D:7      | Found a snail-covered altar of Cheibriados.
  8007 | D:7      | Noticed Pikel
  8023 | D:7      | Killed Pikel
  8210 | D:7      | Found a staircase to the Ecumenical Temple.
  8223 | D:7      | Reached XP level 10. HP: 50/50 MP: 12/15
  8255 | D:7      | Reached skill level 16 in Stealth
  8282 | Temple   | Entered the Ecumenical Temple
  8501 | Temple   | Became a worshipper of Uskayaw the Reveller
  8535 | D:7      | Found a shadowy altar of Dithmenos.
  8954 | D:8      | Reached * piety under Uskayaw
  9001 | D:8      | Found a transporter.
  9127 | D:8      | Found a flagged portal.
  9156 | D:8      | Reached ** piety under Uskayaw
  9192 | D:8      | Reached *** piety under Uskayaw
  9234 | Bailey   | Entered a bailey
  9423 | Bailey   | Noticed an orc knight
  9428 | Bailey   | Killed an orc knight
  9852 | D:8      | Reached skill level 5 in Spellcasting
 10123 | D:8      | Reached skill level 17 in Stealth
 10420 | D:8      | Noticed a centaur warrior
 10753 | D:8      | Noticed RatsInWalls's ghost (novice HuMo)
 10757 | D:8      | Noticed a catoblepas
 10762 | D:8      | Found a transporter.
 11201 | D:5      | Bought a potion of cancellation for 112 gold pieces
 11201 | D:5      | Bought a potion of heal wounds for 70 gold pieces
 11305 | D:9      | Noticed Psyche
 11307 | D:9      | Killed Psyche
 11308 | D:9      | Reached skill level 1 in Long Blades
 11580 | D:9      | Reached **** piety under Uskayaw
 11721 | D:9      | Reached skill level 18 in Stealth
 11844 | D:9      | Found a staircase to the Orcish Mines.
 12053 | D:9      | Reached XP level 11. HP: 54/54 MP: 16/19
 12166 | D:9      | Reached skill level 5 in Long Blades
 12322 | D:9      | Reached ***** piety under Uskayaw
 12733 | D:10     | Entered Level 10 of the Dungeon
 13698 | D:5      | Bought a potion of berserk rage for 70 gold pieces
 14125 | D:11     | Reached skill level 19 in Stealth
 14424 | D:11     | Noticed a deep elf pyromancer
 14432 | D:11     | Killed a deep elf pyromancer
 14531 | D:11     | Found a portal to a secret trove of treasure.
 14727 | D:11     | Noticed a two-headed ogre
 14727 | D:11     | Noticed a boulder beetle
 14734 | D:11     | Killed a two-headed ogre
 14736 | D:11     | Killed a boulder beetle
 14740 | D:11     | Noticed a five-headed hydra
 14758 | D:11     | HP: 2/54 [five-headed hydra (13)]
 14758 | D:11     | Slain by a five-headed hydra

Illustrated notes

Levels and vault maps discovered:
D:1:      lemuel_arrival_room, layout_basic
D:2:      layout_loops_ring, kennysheep_path_1
D:3:      layout_basic, shapermc_ecumenical_altar_hornbeckon, minmay_checkerbox
D:4:      layout_cave_pods
D:5:      layout_basic, serial_shops, shop
D:6:      layout_layer_cave, eino_small_chamber_without_monster,
          minmay_misc_feat_secret_circle, minmay_circle_x
D:7:      layout_loops_ring, mainiacjoe_overflow_24_doors,
          mainiacjoe_overflow_large_starburst, minmay_temple_entry_antechambers,
          serial_shops, nicolae_inconvenience_store, uniq_pikel, uniq_menkaure
D:8:      minmay_general_purpose_star, layout_loops_ring, old_standard_altar,
          nicolae_ossuary_entry_catacombs, gammafunk_ghost_arena, enter_bailey_2
D:9:      layout_basic, minmay_orc_entry_temple_small, uniq_psyche
D:10:     layout_stronghold
D:11:     layout_gridville, due_lair_maze_entry_diamond,
          nicolae_trove_entry_free_sample, uniq_gastronok
Temple:   hc_temple_tempest_star

Skill      XL: |  1  2  3  4  5  6  7  8  9 10 11 |
---------------+----------------------------------+-----
Stealth        | 5 6 7 8 9 11 13 15 18 19 | 19.7
Hexes          | 5 6 7 8 10 12 14 | 14.1
Spellcasting   | 3 5 |  5.8
Long Blades    | 4 9 |  9.1
Short Blades   | |  1.1
Dodging        | |  2.1

Action                   |  1- 3 |  4- 6 |  7- 9 | 10-12 || total
-------------------------+-------+-------+-------+-------++-------
Melee: Dagger            |   142 |    56 |   306 |   398 ||   902
       Bite              |    17 |     7 |    32 |    50 ||   106
       Punch             |     3 |       |     6 |    10 ||    19
Throw: Stone             |       |       |       |     6 ||     6
 Cast: Confusing Touch   |       |     1 |     3 |    18 ||    22
       Ensorcelled Hiber |       |     4 |    23 |    64 ||    91
 Abil: Exsanguinate      |     1 |       |       |       ||     1
  Use: Scroll            |       |       |     3 |    14 ||    17
       Potion            |       |       |     3 |     2 ||     5
 Stab: Sleeping          |    14 |     5 |    32 |    90 ||   141
       Confused          |       |     1 |     2 |    16 ||    19
       Distracted        |       |       |     2 |       ||     2
       Invisible         |       |       |     1 |     3 ||     4
       Paralysed         |       |       |       |    10 ||    10
Armor: Robe              |    52 |    18 |    29 |       ||    99
       Steam dragon scal |       |       |   108 |   175 ||   283
Dodge: Dodged            |    79 |    26 |   187 |   179 ||   471
